 Dungeon Crawl Stone Soup version 0.31.0-32-g396128a36d (webtiles) character file.

Game seed: 7881667812104753127

71568 cdecastro the Gelid (level 15, 0/119 HPs)
             Began as a Human Ice Elementalist on Apr 19, 2024.
             Was a Follower of Yredelemnul.
             Slain by a +2 halberd of chaos (21 damage)
             ... on level 11 of the Dungeon on Apr 22, 2024.
             The game lasted 01:34:09 (25694 turns).

cdecastro the Gelid (Human Ice Elementalist)       Turns: 25694, Time: 01:34:10

Health: 0/119      AC: 11    Str:  7    XL:     15   Next: 37%
Magic:  21/25      EV: 21    Int: 28    God:    Yredelemnul [*.....]
Gold:   819        SH:  0    Dex: 14    Spells: 1/18 levels left

rFire   . . .        a - +8 whip "Snakebite" {venom, curare, rPois}
rCold   . . .        (no shield)
rNeg    . . .        Y - +1 robe {Will+}
rPois   +            e - +2 hat
rElec   .            o - +0 cloak
rCorr   .            T - +2 pair of gloves
SInv    .            v - +0 pair of boots
Will    +....        X - amulet of Generosity {Acrobat Will- Str-2 Int+6}
Stlth   ++           x - +5 ring of evasion
HPRegen 0.39/turn    H - ring of poison resistance
MPRegen 0.19/turn

%: acrobat
@: mighty, about to teleport, hasted, studying Fire Magic, very quick
A: explore regen
a: Renounce Religion, Recall Undead Harvest


You were on level 11 of the Dungeon.
You worshipped Yredelemnul.
Yredelemnul was pleased with you.
You visited 3 branches of the dungeon, and saw 18 of its levels.
You also visited: Sewer, Bailey and Ice Cave.

You collected 1596 gold pieces.
You spent 777 gold pieces at shops.

Inventory:

Hand Weapons
 a - the +8 whip "Snakebite" (weapon) {venom, curare, rPois}
   (You found it on level 4 of the Lair of Beasts)

   rPois:     It protects you from poison
 b - a +7 broad axe
 Q - a +2 scimitar of flaming
Armour
 e - a +2 hat (worn)
 o - a +0 cloak (worn)
 v - a +0 pair of boots (worn)
 C - the +3 leather armour "Noqyeh" {+Blink}
   (You found it in an ice cave)

   +Blink:    It lets you blink.
 T - a +2 pair of gloves (worn)
 V - a +2 tower shield of cold resistance
 W - a +2 robe of cold resistance
 Y - a +1 robe of willpower (worn)
Magical Staves
 j - a staff of air
 m - a staff of fire
 S - a staff of death
 Z - a staff of cold
Jewellery
 h - a ring of protection from fire
 x - a +5 ring of evasion (left hand)
 B - the ring "Ighenwen" {Int+6 SInv}
   (You found it in an ice cave)

   [ring of see invisible]

   Int+6:     It affects your intelligence (+6).
   SInv:      It lets you see invisible.
 H - a ring of poison resistance (right hand)
 P - a ring of positive energy
 X - the amulet of Generosity (around neck) {Acrobat Will- Str-2 Int+6}
   (You found it in a bailey)

   [amulet of the acrobat]

   Acrobat:   It increases your evasion while moving and waiting.
   Str-2:     It affects your strength (-2).
   Int+6:     It affects your intelligence (+6).
   Will-:     It decreases your willpower.
Talismans
 O - a flux talisman
Wands
 s - a wand of charming (6)
 u - a wand of quicksilver (4)
 w - a wand of polymorph (15)
 A - a wand of flame (45)
 F - a wand of mindburst (16)
Scrolls
 d - 11 scrolls of teleportation
 l - 2 scrolls of enchant armour
 n - 4 scrolls of fog
 q - 6 scrolls of identify
 r - 4 scrolls of fear
 t - 4 scrolls of summoning
 y - 6 scrolls of enchant weapon
 D - 5 scrolls of revelation
 E - 2 scrolls of poison
 I - 4 scrolls of immolation
 J - 3 scrolls of amnesia
 K - a scroll of vulnerability
 L - a scroll of torment
 M - 5 scrolls of blinking
Potions
 c - 7 potions of enlightenment
 f - 3 potions of heal wounds
 g - a potion of might
 i - 5 potions of lignification
 k - 10 potions of curing
 p - 2 potions of resistance
 z - 3 potions of haste
 G - 6 potions of mutation
 R - a potion of brilliance
 U - a potion of magic
Miscellaneous
 N - a lightning rod (4/4)


   Skills:
 - Level 11.4 Fighting
 - Level 8.2 Axes
 - Level 5.0 Armour
 - Level 10.0 Dodging
 - Level 2.0 Stealth
 - Level 2.3 Spellcasting
 + Level 15.3 Ice Magic
 - Level 14.0 Invocations
 - Level 5.0 Evocations


You had one spell level left.
You knew the following spells:

 Your Spells              Type           Power      Damage    Failure   Level
a - Freeze                Ice            100%       1d10      0%          1
b - Frozen Ramparts       Ice            100%       1d16      1%          3
c - Ozocubu's Armour      Ice            73%        N/A       1%          3
d - Summon Ice Beast      Ice/Summ       46%        N/A       1%          3
e - Ozocubu's Refrigerat  Ice            36%        4d15      14%         7

Your spell library contained the following spells:

 Spells                   Type           Power      Damage    Failure   Level
 Apportation              Tloc           6%         N/A       9%          1
 Foxfire                  Conj/Fire      12%        2x1d4     9%          1
 Kiss of Death            Conj/Necr      12%        2d6       9%          1
 Slow                     Hex            12%        N/A       9%          1
 Summon Small Mammal      Summ           12%        N/A       9%          1
 Ensorcelled Hibernation  Hex/Ice        92%        N/A       1%          2
 Hailstorm                Conj/Ice       46%        3d10      1%          3
 Call Imp                 Summ           6%         N/A       14%         2
 Jinxbite                 Hex            6%         N/A       14%         2
 Sublimation of Blood     Necr           3%         N/A       14%         2
 Call Canine Familiar     Summ           3%         N/A       26%         3
 Confusing Touch          Hex            3%         N/A       26%         3
 Fugue of the Fallen      Necr           3%         N/A       26%         3
 Sigil of Binding         Hex            3%         N/A       26%         3
 Vampiric Draining        Necr           3%         2d6       26%         3
 Volatile Blastmotes      Fire/Tloc      6%         2d10      26%         3
 Sculpt Simulacrum        Ice/Alch       23%        N/A       52%         6
 Anguish                  Hex/Necr       1%         N/A       65%         4
 Brom's Barrelling Bould  Conj/Erth      3%         2d3       65%         4
 Dimensional Bullseye     Hex/Tloc       1%         N/A       65%         4
 Dispel Undead            Necr           3%         3d7       65%         4
 Fulminant Prism          Conj/Alch      1%         3d5       65%         4
 Iskenderun's Mystic Bla  Conj/Tloc      3%         2d3       65%         4
 Summon Blazeheart Golem  Fire/Summ      3%         N/A       65%         4
 Alistair's Intoxication  Alch           2%         N/A       94%         5
 Fireball                 Conj/Fire      1%         3d3       94%         5
 Iskenderun's Battlesphe  Conj           3%         2d6       94%         5
 Summon Forest            Summ/Tloc      1%         N/A       94%         5
 Summon Mana Viper        Hex/Summ       3%         N/A       94%         5
 Conjure Ball Lightning   Conj/Air       1%         3x3d6     100%        6
 Plasma Beam              Fire/Air       1%         2x1d11    100%        6
 Starburst                Conj/Fire      1%         6d3       100%        6
 Summon Cactus Giant      Summ           1%         N/A       100%        6
 Orb of Destruction       Conj           1%         9d5       100%        7
 Summon Hydra             Summ           1%         N/A       100%        7
 Polar Vortex             Ice            36%        12d4*     100%        9


Dungeon Overview and Level Annotations

Branches:
Dungeon (12/15)            Temple (1/1) D:4            Lair (5/5) D:9
  Swamp (0/4) Lair:2       Spider (0/4) Lair:2        Slime (0/5) Lair:5
    Orc (0/2) D:10          Sewer (visited)          Bailey (visited)
  IceCv (visited)

Altars:
Ashenzari
Cheibriados
Dithmenos
Elyvilon
Fedhas
Gozag
Hepliaklqana
Kikubaaqudgha
Makhleb
Nemelex Xobeh
Okawaru
Qazlal
Ru
Sif Muna
Trog
Uskayaw
Vehumet
Wu Jian
Xom
Yredelemnul
Zin
The Shining One
Jiyva

Portals:
Trove: D:10 (give +4 shadow dragon scales)

Annotations:
D:11 Winotaur's ghost, journeyman MiBe
Lair:3 exclusion: oklob plant


Innate Abilities, Weirdness & Mutations

You regain HP and MP as you explore.


Message History

Unknown command.
You hit Winotaur's ghost.
Winotaur's ghost is heavily damaged.
The +2 halberd of chaos hits you!
You feel yourself speed up.
Unknown command.
You miss the +2 halberd of chaos. The +2 halberd of chaos hits you!
The +2 halberd of chaos freezes you. Winotaur's ghost closely misses you.
Unknown command.
You barely miss Winotaur's ghost.
Winotaur's ghost is heavily damaged.
The +2 halberd of chaos completely misses you.
Winotaur's ghost hits you.
* * * LOW HITPOINT WARNING * * *
Winotaur's ghost freezes you.
* * * LOW HITPOINT WARNING * * *
You barely miss Winotaur's ghost.
Winotaur's ghost is heavily damaged.
The +2 halberd of chaos hits you!!
* * * LOW HITPOINT WARNING * * *
You feel very mighty all of a sudden.
Unknown command.
You closely miss Winotaur's ghost.
Winotaur's ghost is heavily damaged.
The +2 halberd of chaos hits you!
* * * LOW HITPOINT WARNING * * *
The +2 halberd of chaos burns you.
* * * LOW HITPOINT WARNING * * *
Winotaur's ghost closely misses you.
You whack Winotaur's ghost!
Winotaur's ghost is heavily damaged.
The +2 halberd of chaos misses you.
Unknown command.
Your ice beast barely misses Winotaur's ghost.
As you read the scroll of teleportation, it crumbles to dust.
You feel strangely unstable.
Rupert closely misses Winotaur's ghost.
Winotaur's ghost completely misses you.
Your ice beast barely misses Winotaur's ghost.
The +2 halberd of chaos hits you from afar!!
You die...
Your body rises from the dead as a mindless zombie.

.......#
.......#
.......#
.......#
###'####
####### ##ZZ#
###...Z.###
.ZZ##
####...###...#
####
#....###..##.#
#.####$#@.#..#
##.#
#.(WZ...##
########..#
##.#Y.###
.......#.##
###..#
.###.#.#.#
####
.#.#.#.#.#
.#.#.#Z#.#
.....#...#
##########


You could see a +2 halberd of chaos, Winotaur's ghost (ally target), the
friendly Rupert the bound human and a friendly ice beast (summoned).

Vanquished Creatures
  A quicksilver ooze (IceCv)
  Fannar (D:12)
  Harold (D:9)
  3 hydras
  A catoblepas (Lair:5)
  2 two-headed ogres
  Erica (D:9)
  4 death yaks (Lair:2)
  The ghost of jkubb29 the Scholar of Death, a novice DsNe of Kikubaaqudgha (D:8)
  A wolf spider (Lair:5)
  2 cyclopes (D:12)
  A deep elf pyromancer (D:12)
  2 manticores
  An ice statue (IceCv)
  13 elephants
  A guardian serpent (Lair:5)
  5 black mambas (Lair:5)
  12 cane toads
  An unseen horror (D:10)
  2 kobold demonologists (D:11)
  7 komodo dragons
  5 trolls
  2 hornets
  Grinder (D:7)
  2 polar bears
  5 blink frogs (Lair:4)
  10 slime creatures
  A vampire (D:11)
  2 culicivoras (Lair:2)
  A shadow (D:10)
  10 wyverns
  Eustachio (D:6)
  15 yaks
  4 basilisks
  A wraith (D:11)
  3 vampire mosquitoes (D:11)
  A warg (D:10)
  2 redbacks (Lair:5)
  19 water moccasins
  2 great orb of eyes simulacra (IceCv)
  19 orc warriors
  A black bear (D:9)
  A sky beast (D:6)
  2 ogres (D:5)
  An ice beast (D:7)
  6 wolves
  3 boggarts (D:12)
  4 centaurs
  A lemure (D:4)
  2 kobold brigands
  3 bullfrogs
  3 gnoll sergeants
  2 scorpions (D:9)
  4 glowing shapeshifter simulacra (IceCv)
  4 wights (D:10)
  5 killer bees
  2 vampire bats (Lair:1)
  An electric eel (Lair:3)
  A bombardier beetle (D:4)
  7 crimson imps
  2 howler monkeys (D:9)
  2 quasits (D:4)
  3 hounds
  2 jellies
  Crazy Yiuf (D:2)
  6 orc priests
  2 hell rats (Lair:4)
  2 sleepcaps
  8 orc wizards
  Natasha (thrice) (D:4)
  A shapeshifter simulacrum (IceCv)
  15 adders
  18 gnolls
  5 river rats
  4 white imps
  A dart slug (Sewer)
  2 ribbon worms
  39 orcs
  14 ball pythons
  3 endoplasms
  2 giant cockroaches
  23 goblins
  18 hobgoblins
  9 jackals
  3 quokkas
  7 bats
  4 frilled lizards
  14 kobolds
  8 rats
443 creatures vanquished.

Vanquished Creatures (collateral kills)
  An azure jelly (IceCv)
  An orc warlord (Bailey)
  A quicksilver ooze (IceCv)
  A hydra (Lair:3)
  A centaur warrior (D:9)
  A catoblepas (Lair:4)
  A death yak (Lair:2)
  5 slime creatures
  A cyclops (D:12)
  Pikel (D:5)
  A manticore (D:8)
  5 elephants
  An ice statue (IceCv)
  6 cane toads
  2 rime drakes
  3 komodo dragons
  A tyrant leech (Lair:2)
  A hornet (Lair:5)
  2 polar bears (Lair:5)
  Sigmund (D:4)
  7 wyverns (Lair:5)
  9 yaks
  4 basilisks
  A swamp worm (Lair:2)
  13 water moccasins
  4 orc warriors
  A wolf (Lair:5)
  A centaur (D:9)
  A phantom (D:4)
  2 kobold brigands
  2 bullfrogs
  A glowing shapeshifter simulacrum (IceCv)
  A scorpion (D:5)
  A wight (D:9)
  2 killer bees
  4 crimson imps
  A quasit (D:4)
  A bombardier beetle (D:6)
  An orc priest (D:6)
  A hound (D:6)
  A sleepcap (D:7)
  3 orc wizards
  3 hell rats (Lair:4)
  2 shapeshifter simulacra (IceCv)
  3 gnolls
  2 adders (D:2)
  A white imp (D:6)
  5 orcs
  4 ball pythons
  3 endoplasms
  3 goblins
  3 hobgoblins
  7 bats
  2 frilled lizards (Sewer)
  7 kobolds
  A butterfly (D:4)
145 creatures vanquished.

Vanquished Creatures (others)
  A catoblepas zombie (Lair:5)
  2 culicivora zombies (Lair:2)
  7 slime creature zombies
  A two-headed ogre zombie (D:12)
  A spectral basilisk (Lair:5)
  2 cane toad zombies (Lair:5)
  3 water moccasin zombies
  5 wyvern zombies (Lair:5)
  3 yak zombies (D:11)
  A black bear zombie (D:9)
  A bullfrog zombie (D:9)
  A scorpion zombie (D:9)
  A boggart zombie (D:12)
  2 ogre zombies (D:5)
  3 adder zombies
  A felid zombie (D:4)
  8 bat zombies
  A gnoll zombie (Bailey)
  3 ball python zombies
  An endoplasm zombie (D:2)
  2 frilled lizard zombies
  10 goblin zombies
  6 hobgoblin zombies
  A jackal zombie (D:1)
  4 kobold zombies
  18 orc zombies
  2 rat zombies (D:2)
91 creatures vanquished.

Grand Total: 679 creatures vanquished

Notes
Turn   | Place    | Note
-------+----------+-------------------------------------------
     0 | D:1      | cdecastro the Human Ice Elementalist began the quest for
                  | the Orb.
     0 | D:1      | Reached XP level 1. HP: 13/13 MP: 3/3
   120 | D:1      | Reached XP level 2. HP: 16/19 MP: 5/5
   218 | D:1      | Found a faded altar of an unknown god.
   251 | D:1      | Prayed at the altar of an unknown god.
   251 | D:1      | Became a worshipper of Yredelemnul the Dark
   251 | D:1      | Reached * piety under Yredelemnul
   503 | D:1      | Reached ** piety under Yredelemnul
   746 | D:1      | Reached XP level 3. HP: 23/24 MP: 6/6
   981 | D:1      | Reached skill level 5 in Ice Magic
  1158 | D:1      | Learned a level 3 spell: Frozen Ramparts
  1591 | D:2      | Reached XP level 4. HP: 17/30 MP: 7/7
  1964 | D:2      | Found a runed translucent door.
  1965 | D:2      | Noticed Crazy Yiuf
  2106 | D:2      | Learned a level 3 spell: Ozocubu's Armour
  2229 | D:2      | Killed Crazy Yiuf
  2230 | D:2      | Reached skill level 6 in Ice Magic
  2230 | D:2      | Reached XP level 5. HP: 7/35 MP: 0/8
  2473 | D:3      | Noticed a centaur
  2488 | D:3      | Killed a centaur
  2693 | D:3      | Reached skill level 7 in Ice Magic
  2716 | D:3      | Reached XP level 6. HP: 41/41 MP: 4/9
  3301 | D:3      | Found an ancient bone altar of Kikubaaqudgha.
  3419 | D:4      | Noticed a water moccasin
  3426 | D:4      | Killed a water moccasin
  3427 | D:4      | Reached skill level 8 in Ice Magic
  3571 | D:4      | Found a staircase to the Ecumenical Temple.
  3584 | Temple   | Entered the Ecumenical Temple
  3594 | D:4      | Noticed Natasha
  3607 | D:4      | Killed Natasha
  3608 | D:4      | Reached XP level 7. HP: 46/46 MP: 6/10
  3711 | D:4      | Found Qaibleji's Magic Scroll Emporium.
  3713 | D:4      | Noticed Natasha
  3723 | D:4      | Killed Natasha
  3728 | D:4      | Bought a scroll of identify for 26 gold pieces
  3728 | D:4      | Bought a scroll of teleportation for 39 gold pieces
  3728 | D:4      | Bought a scroll of enchant weapon for 97 gold pieces
  3800 | D:4      | Noticed Natasha
  3839 | D:4      | Killed Natasha
  4041 | D:4      | Noticed Sigmund
  4054 | D:4      | Killed Sigmund
  4055 | D:4      | Reached skill level 9 in Ice Magic
  4384 | D:4      | Your ally Natasha died
  4498 | D:4      | Learned a level 3 spell: Summon Ice Beast
  4520 | D:4      | Reached XP level 8. HP: 23/52 MP: 2/11
  4741 | D:5      | Entered Level 5 of the Dungeon
  4744 | D:5      | Noticed Pikel
  4893 | D:5      | Killed Pikel
  4894 | D:5      | Reached skill level 10 in Ice Magic
  5217 | D:5      | Reached skill level 11 in Ice Magic
  5440 | D:5      | Reached XP level 9. HP: 55/57 MP: 8/12
  5496 | D:5      | You fall into a shaft and drop 2 floors!
  5514 | D:7      | Noticed a troll
  5527 | D:7      | Killed a troll
  5528 | D:7      | Reached skill level 12 in Ice Magic
  5993 | D:6      | Noticed Grinder
  6000 | D:6      | Paralysed by Grinder for 3 turns
  6006 | D:7      | Paralysed by Grinder for 2 turns
  6009 | D:7      | Killed Grinder
  6217 | D:6      | Reached skill level 13 in Ice Magic
  6492 | D:6      | Reached *** piety under Yredelemnul
  6523 | D:6      | Found a glowing drain.
  6531 | Sewer    | Entered a sewer
  7060 | Sewer    | Reached skill level 1 in Fighting
  7767 | D:6      | Noticed Eustachio
  7789 | D:6      | Killed Eustachio
  7790 | D:6      | Reached skill level 5 in Fighting
  7790 | D:6      | Reached XP level 10. HP: 71/74 MP: 8/13
  8033 | D:4      | Bought a scroll of summoning for 123 gold pieces
  8033 | D:4      | Bought a scroll of torment for 123 gold pieces
  8126 | D:7      | Reached skill level 1 in Invocations
  9059 | D:8      | Reached skill level 5 in Invocations
  9769 | D:8      | Found a runed translucent door.
  9770 | D:8      | Noticed jkubb29's ghost (novice DsNe)
  9770 | D:8      | Noticed a manticore
  9896 | D:9      | Found a radiant altar of Vehumet.
 10079 | D:9      | Noticed Erica
 10096 | D:9      | Killed Erica
 10182 | D:9      | Noticed Harold
 10203 | D:9      | Killed Harold
 10204 | D:9      | Reached XP level 11. HP: 59/79 MP: 8/18
 10214 | D:9      | Reached skill level 10 in Invocations
 10295 | D:9      | Noticed a centaur warrior
 10480 | D:9      | Found a staircase to the Lair.
 10759 | D:9      | Found a burning altar of Makhleb.
 11083 | D:4      | Bought a scroll of enchant armour for 97 gold pieces
 11083 | D:4      | Bought a scroll of identify for 26 gold pieces
 11083 | D:4      | Bought a scroll of identify for 26 gold pieces
 11394 | D:10     | Entered Level 10 of the Dungeon
 11636 | D:10     | Found a sparkling altar of Nemelex Xobeh.
 11758 | D:10     | Found a staircase to the Orcish Mines.
 11833 | D:10     | Found a portal to a secret trove of treasure.
 12026 | D:10     | Found a flagged portal.
 12033 | Bailey   | Entered a bailey
 12509 | Bailey   | Noticed an orc warlord
 12515 | Bailey   | Reached **** piety under Yredelemnul
 12534 | Bailey   | Killed an orc warlord
 12574 | Bailey   | Identified the amulet of Generosity {Acrobat Will- Str-2
                  | Int+6}
 13039 | D:4      | Reached XP level 12. HP: 95/95 MP: 21/21
 13040 | D:4      | Bought a scroll of summoning for 123 gold pieces
 13040 | D:4      | Bought a scroll of enchant weapon for 97 gold pieces
 13397 | D:10     | Found a shimmering altar of Xom.
 13941 | D:11     | Found a broken altar of Ashenzari.
 14029 | D:11     | Noticed a two-headed ogre
 14042 | D:11     | Killed a two-headed ogre
 14043 | D:11     | Reached skill level 5 in Dodging
 14043 | D:11     | Reached XP level 13. HP: 102/106 MP: 15/22
 14509 | D:11     | Found a runed translucent door.
 14510 | D:11     | Found a shimmering altar of Xom.
 14510 | D:11     | Noticed Winotaur's ghost (journeyman MiBe)
 15223 | D:12     | Noticed Fannar
 15227 | D:12     | Killed Fannar
 15572 | D:12     | Found a glowing silver altar of Zin.
 15572 | D:12     | Noticed an angel
 16903 | D:9      | Reached skill level 10 in Dodging
 16904 | D:9      | Reached skill level 1 in Armour
 16971 | Lair:1   | Entered Level 1 of the Lair of Beasts
 17390 | Lair:1   | Found a glowing silver altar of Zin.
 17652 | Lair:1   | Reached ***** piety under Yredelemnul
 17652 | Lair:1   | Reached skill level 5 in Armour
 18242 | Lair:2   | Found a hole to the Spider Nest.
 19171 | Lair:2   | Reached XP level 14. HP: 88/113 MP: 12/23
 19512 | Lair:2   | Reached ****** piety under Yredelemnul
 19594 | Lair:2   | Found a staircase to the Swamp.
 19694 | Lair:2   | Reached skill level 5 in Evocations
 20228 | Lair:3   | Found the +15 Maxwell's patent armour {-Cast -Tele rElec
                  | Will+ rCorr}
 20344 | Lair:3   | Reached skill level 1 in Axes
 21361 | Lair:4   | Found a frozen archway.
 21386 | IceCv    | Entered an ice cave
 22011 | IceCv    | Reached skill level 5 in Axes
 22135 | IceCv    | Noticed a quicksilver ooze
 22137 | IceCv    | Found a viscous altar of Jiyva.
 22137 | IceCv    | Noticed an azure jelly
 22144 | IceCv    | Killed a quicksilver ooze
 22147 | IceCv    | Killed an azure jelly
 22159 | IceCv    | Identified the +3 leather armour "Noqyeh" {+Blink}
 22164 | IceCv    | Identified the ring "Ighenwen" {Int+6 SInv}
 22263 | IceCv    | Noticed a quicksilver ooze
 22269 | IceCv    | Killed a quicksilver ooze
 23649 | Lair:4   | Learned a level 7 spell: Ozocubu's Refrigeration
 23744 | Lair:4   | Found the +8 whip "Snakebite" {venom, curare, rPois}
 23887 | Lair:5   | Entered Level 5 of the Lair of Beasts
 23962 | Lair:5   | Reached XP level 15. HP: 100/119 MP: 19/25
 24029 | Lair:5   | Reached skill level 14 in Ice Magic
 24437 | Lair:5   | Noticed Rupert
 24444 | Lair:5   | Paralysed by Rupert for 5 turns
 24450 | Lair:5   | Killed Rupert
 24450 | Lair:5   | Charmed Rupert
 24687 | Lair:5   | Found a viscous altar of Jiyva.
 24687 | Lair:5   | Found a staircase to the Slime Pits.
 24764 | Lair:5   | Reached skill level 15 in Ice Magic
 24897 | Lair:5   | Identified the +3 chain mail of Dolacs {+Inv rPois rF+}
 25411 | D:8      | Killed jkubb29's ghost
 25694 | D:11     | Slain by a +2 halberd of chaos

Illustrated notes

Levels and vault maps discovered:
D:1:      dpeg_arrival_morbid_curiosity, layout_basic, basic_ecumenical_altar
D:2:      layout_loops_ring, minmay_misc_feat_tiny, uniq_crazy_yiuf_cottage
D:3:      layout_loops_ring, lemuel_coloured_pillars_altar
D:4:      cheibrodos_quashed, layout_gridville, minmay_temple_entry_butterflies,
          serial_shops, shop, uniq_natasha, uniq_sigmund
D:5:      cheibrodos_thug_alley, layout_basic, minivault_26, uniq_pikel
D:6:      layout_basic, lightli_sewer_entry_pipes, kennysheep_cross_bottleneck,
          minmay_manual_mares, uniq_eustachio, uniq_grinder
D:7:      layout_basic
D:8:      layout_basic, ebering_ghost_inner_flame, hangedman_decor_opposing,
          minmay_nine_imps
D:9:      layout_basic, fiery_altar_vehumet, bloody_makhleb,
          grunt_lair_entry_orc_guard_hut, grunt_decor_cap,
          minmay_misc_feat_cross, onia_ninara_dug_in_and_dangerous, uniq_harold,
          uniq_erica
D:10:     layout_long_grid, led_xom_imps, mainiacjoe_overflow_boulevard,
          david_orc_3, enter_trove_0, enter_bailey_2, kennysheep_generic_room_10
D:11:     layout_roguey, ebering_ghost_xom, nicolae_ashenzari_skybound
D:12:     layout_basic, zin_angel, uniq_fannar
Temple:   nicolae_temple_bog_church
Lair:1:   layout_cave_pods, basic_altar, roderic_batcave, grunt_megastairs_4
Lair:2:   layout_roguey, minmay_swamp_entry_worms, spider_nest_entry_rubble,
          serial_bayou_pond_e
Lair:3:   layout_cave_pods, dreamdust_deal_with_the_devil,
          minmay_lair_oklob_bushes, serial_bayou_lagoon_a
Lair:4:   minmay_guarded_unrand_snakebite, layout_loops_ring,
          portal_ice_cave_entry_pillars_2, infiniplex_staircase_pool_2
Lair:5:   hangedman_lair_tendril_chambers, layout_long_grid,
          dpeg_slime_entry_enclosed, kennysheep_basilisk_garden,
          lemuel_fruit_tree, serial_bayou_shore_b, uniq_rupert

Skill      XL: |  1  2  3  4  5  6  7  8  9 10 11 12 13 14 15 |
---------------+----------------------------------------------+-----
Ice Magic      | 5 6 7 8 9 11 13 15 | 15.3
Fighting       | 5 11 | 11.4
Invocations    | 9 12 13 14 | 14.0
Dodging        | 5 10 | 10.0
Armour         | 5 |  5.0
Evocations     | 5 |  5.0
Axes           | 8 |  8.2
Stealth        | |  2.0
Spellcasting   | |  2.3

Action                     |  1- 3 |  4- 6 |  7- 9 | 10-12 | 13-15 || total
---------------------------+-------+-------+-------+-------+-------++-------
  Melee: Dagger            |   171 |   110 |   110 |   164 |     2 ||   557
         Punch             |     2 |       |     1 |     7 |    10 ||    20
         Whip              |       |       |    29 |       |   131 ||   160
         Broad axe         |       |       |       |    66 |   321 ||   387
         Scimitar          |       |       |       |       |     5 ||     5
   Cast: Freeze            |     3 |     5 |       |       |       ||     8
         Frozen Ramparts   |       |    14 |    49 |    46 |    82 ||   191
         Ozocubu's Armour  |       |     3 |    12 |    28 |    70 ||   113
         Summon Ice Beast  |       |       |    11 |    19 |    26 ||    56
 Invoke: Recall Undead Har |       |       |     1 |     1 |     2 ||     4
         Dark Bargain      |       |       |       |     4 |       ||     4
         Bind Soul         |       |       |       |       |     3 ||     3
  Evoke: Wand              |       |       |     2 |     2 |     2 ||     6
         Lightning rod     |       |       |       |       |     3 ||     3
    Use: Scroll            |       |       |     4 |    10 |     3 ||    17
         Potion            |       |       |       |     1 |       ||     1
   Stab: Sleeping          |     5 |     2 |       |       |     3 ||    10
         Distracted        |     1 |       |       |     3 |    11 ||    15
         Petrified         |       |       |       |       |    16 ||    16
         Petrifying        |       |       |       |       |     6 ||     6
 Armour: Robe              |    97 |    75 |   150 |   232 |   508 ||  1062
  Dodge: Dodged            |   118 |   108 |   107 |   174 |   542 ||  1049
